 Dungeon Crawl Stone Soup version 0.31.0-1-g2c135a008e (webtiles) character file.

Game seed: 16449427150936080635

79 qw the Shooter (level 4, -6/35 HPs)
             Began as a Djinni Hunter on Jan 23, 2024.
             Killed by psychic fangs
             ... invoked by a brain worm
              (12 damage)
             ... in a sewer.
             The game lasted 00:00:07 (1658 turns).

qw the Shooter (Djinni Hunter)                      Turns: 1658, Time: 00:00:07

Health: -6/35      AC:  5    Str: 10    XL:     4   Next: 64%
Gold:   148        EV: 11    Int: 11    God:
                   SH:  0    Dex: 18

rFire   + + .        a - +0 shortbow
rCold   x . .        (shield currently unavailable)
rNeg    . . .        b - +0 ring mail
rPois   inf          (no helmet)
rElec   .            (no cloak)
rCorr   .            (no gloves)
SInv    .            (boots unavailable)
Will    .....        (no amulet)
Stlth   +            (no ring)
HPRegen 0.25/turn    (no ring)
MPRegen 0.00/turn

%: infuse magic (-7 HP)
@: flying
A: sickness immunity, fire resistance 2, cold vulnerability 1, float, innate
caster, HP casting, extra vitality 1
a: no special abilities


You were in a sewer.
You visited 1 branch of the dungeon, and saw 3 of its levels.
You also visited: Sewer.

You collected 148 gold pieces.


Innate Abilities, Weirdness & Mutations

You are immune to sickness and miasma.
You are immune to poison.
Your flesh is very heat resistant. (rF++)
You are vulnerable to cold. (rC-)
You float through the air rather than walking.
You learn spells naturally, not from books.
Your magical power is your life essence.
You have superior vitality. (+4 MHP)


   Skills:
 - Level 3.0 Fighting
 + Level 4.0 Ranged Weapons
 - Level 1.0 Armour
 - Level 2.6 Dodging
 - Level 0.7 Stealth


You knew the following spells:

 Your Spells              Type           Power      Damage    Failure   Level
a - Apportation           Tloc           0%         N/A       65%         1
Your spell library was empty.

Inventory:

Hand Weapons
 a - a +0 shortbow (weapon)
Armour
 b - a +0 ring mail (worn)
Scrolls
 d - a scroll of teleportation
 e - a scroll of identify
Potions
 f - 2 potions of might

Dungeon Overview and Level Annotations

Branches:
Dungeon (3/15)              Sewer (1/1)

Altars:


Message History

Found a scroll labelled FIMO OSYRPHU.
There is a glowing drain here.
Enter note:
Enter note: The world spins around you as you enter the gateway.
You enter a sewer!
Found a gate leading back out of this place.
There is an empty arch of ancient stone here.
Waypoint 3 assigned to Sewer. 2 bats come into view.
You shoot an arrow. The arrow hits the bat.
The bat is moderately wounded.
You shoot an arrow. The arrow closely misses the bat.
The bat barely misses you. The bat hits you but does no damage.
You shoot an arrow. The arrow hits the bat.
You kill the bat!
The bat misses you. The bat hits you.
You shoot an arrow. The arrow barely misses the bat.
The bat closely misses you. The bat hits you but does no damage.
You shoot an arrow. The arrow hits the bat.
You kill the bat!
A bat comes into view.
You shoot an arrow. The arrow hits the bat!
You kill the bat!
A brain worm comes into view.
You shoot an arrow. The arrow hits the brain worm.
The brain worm is lightly wounded.
You shoot an arrow. The arrow barely misses the brain worm.
You shoot an arrow. The arrow hits the brain worm.
The brain worm is moderately wounded.
The brain worm's throbbing head pulsates.
Something gnaws heavily on your mind!
You shoot an arrow. The arrow barely misses the brain worm.
The brain worm's bulging head throbs.
Something gnaws heavily on your mind!
You shoot an arrow. The arrow hits the brain worm.
The brain worm is moderately wounded.
The brain worm's throbbing head pulsates.
Something gnaws heavily on your mind!
You die...

####### ##.....##
##...~...##
##...~~~...#######.###
#\\.~~~~~.....@...w...
##...~~~...#######.###
##...~...## ##.....##
#######


You could see a brain worm.

Vanquished Creatures
  2 adders (D:2)
  2 dart slugs
  A ribbon worm (D:2)
  An orc (D:3)
  13 ball pythons
  4 endoplasms
  A giant cockroach (D:2)
  6 goblins
  3 hobgoblins
  2 quokkas
  5 bats
  3 frilled lizards
  5 kobolds
  6 rats
54 creatures vanquished.

Notes
Turn   | Place    | Note
-------+----------+-------------------------------------------
     0 | D:1      | qw the Djinni Hunter began the quest for the Orb.
     0 | D:1      | Reached XP level 1. HP: 18/18 MP: 0/0
     0 | D:1      | 0 ||| qw: Version: 0.3-a-132-g3d54051
     0 | D:1      | 0 ||| qw: Game counter: 595
     0 | D:1      | 0 ||| qw: Melee chars always use a shield: true
     0 | D:1      | 0 ||| qw: God list: Okawaru
     0 | D:1      | 0 ||| qw: Allow faded altars: false
     0 | D:1      | 0 ||| qw: Do Orc after clearing Dungeon:15 true
     0 | D:1      | 0 ||| qw: Do second Lair branch before Depths: true
     0 | D:1      | 0 ||| qw: Lair rune preference: random
     0 | D:1      | 0 ||| qw: Goals: Normal
     0 | D:1      | 0 ||| PLANNING D:1-11
    88 | D:1      | Reached XP level 2. HP: 23/23 MP: 0/0
   558 | D:1      | Reached XP level 3. HP: 28/28 MP: 0/0
   558 | D:1      | Learned a level 1 spell: Apportation
   584 | D:1      | 584 ||| READING scroll labelled NOGAOR REAPYBU.
   587 | D:1      | 587 ||| READING scroll labelled OMEHIU RAYDEQIA.
   588 | D:1      | 588 ||| DROPPING scroll of butterflies.
   598 | D:2      | Reached skill level 4 in Ranged Weapons
   805 | D:2      | 805 ||| FLEEEEING.
   818 | D:2      | Identified the +0 scale mail of Magic {+Inv rElec Regen+
                  | Str+5}
   889 | D:2      | Reached XP level 4. HP: 28/34 MP: 0/0
   997 | D:2      | Reached skill level 3 in Fighting
  1221 | D:2      | 1221 ||| UPGRADING to +0 ring mail.
  1231 | D:2      | 1231 ||| DROPPING +0 leather armour.
  1288 | D:2      | 1288 ||| FLEEEEING.
  1295 | D:2      | 1295 ||| STAIRDANCE
  1352 | D:3      | 1352 ||| PLANNING SEWER
  1617 | D:3      | Found a glowing drain.
  1624 | D:3      | Reached skill level 1 in Armour
  1624 | D:3      | 1624 ||| READING scroll labelled CIURUMYATOA.
  1625 | D:3      | 1625 ||| READING 2 scrolls labelled GOLYOF XUNEB.
  1625 | D:3      | 1625 ||| IDENTIFYING 2 fuming yellow potions
  1634 | Sewer    | Entered a sewer
  1653 | Sewer    | Noticed a brain worm
  1657 | Sewer    | HP: 6/35 [brain worm/psychic fangs (16)]
  1658 | Sewer    | Killed from afar by a brain worm

Levels and vault maps discovered:
D:1:      scummos_arrival_simple_fountains, layout_loops_cross
D:2:      layout_loops_ring
D:3:      layout_rooms, shapermc_ecumenical_altar_pompeii, portal_sewer_entry_a
Sewer:    sewer_big_baddie

Skill      XL: |  1  2  3  4 |
---------------+-------------+-----
Ranged Weapons | 4 |  4.0
Fighting       | 3 |  3.0
Armour         | 1 |  1.0
Dodging        | |  2.6
Stealth        | |  0.7

Action                     |  1- 3 |  4- 6 || total
---------------------------+-------+-------++-------
   Fire: Shortbow          |    92 |    71 ||   163
    Use: Scroll            |     2 |     2 ||     4
 Armour: Leather armour    |    22 |     8 ||    30
         Ring mail         |       |    12 ||    12
  Dodge: Dodged            |    22 |    16 ||    38

Table legend:
 A = Non-vault XP
 B = Vault XP
 C = Vault XP percentage of total XP
 D = Non-vault monster count
 E = Vault monster count
 F = Vault count percentage of total count
                 A         B        C        D         E       F
            +---------+---------+-------+---------+---------+-------
      Total |     109 |       5 |   4.4 |      49 |       5 |   9.3
            +---------+---------+-------+---------+---------+-------
        D:1 |      29 |       0 |   0.0 |      19 |       0 |   0.0
        D:2 |      66 |       0 |   0.0 |      24 |       0 |   0.0
        D:3 |      14 |       2 |  12.5 |       6 |       2 |  25.0
      Sewer |       0 |       3 | 100.0 |       0 |       3 | 100.0
            +---------+---------+-------+---------+---------+-------
